 Dungeon Crawl Stone Soup version bcrawl-1.26.1 (webtiles) character file.

Game seed: 11103965913296528815

144969 Freyura the Skirmisher (level 4, -3/35 HPs)
             Began as a Demonspawn Fighter on July 2, 2020.
             Slain by a gnoll
             ... wielding a +0 halberd
              (4 damage)
             ... on level 3 of the Dungeon.
             The game lasted 00:05:10 (1991 turns).

Freyura the Skirmisher (Demonspawn Fighter)         Turns: 1991, Time: 00:05:10

Health: -3/35      AC:  6    Str: 16    XL:     4   Next: 70%
Magic:  4/4        EV:  7    Int:  9    God:
Gold:   170        SH:  9    Dex: 14    Spells: 3/3 levels left

rFire    . . .     SeeInvis .   p - +3 war axe
rCold    . . .     Gourm    .   c - +0 medium shield
rNeg     . . .     Faith    .   b - +0 scale mail
rPois    .         Spirit   .   (no helmet)
rElec    .         Reflect  .   (no cloak)
rCorr    .         Harm     .   (no gloves)
MR       .....                  (no boots)
Stlth    +.........             (no amulet)
HPRegen  0.11/turn              (no ring)
MPRegen  0.09/turn              (no ring)

@: no status effects
A: repulsion field 1, nightstalker 1
a: no special abilities


You were on level 3 of the Dungeon.
You were not hungry.

You visited 1 branch of the dungeon, and saw 3 of its levels.

You collected 170 gold pieces.

Inventory:

Hand Weapons
 a - a +0 flail
 p - a +3 war axe (weapon)
Armour
 b - a +0 scale mail (worn)
 c - a +0 medium shield (worn)
Wands
 i - a wand of digging (10)
Scrolls
 f - a scroll of immolation
 h - 3 scrolls of remove curse
 k - a scroll of identify
 l - a scroll of teleportation
Potions
 d - a potion of might
 g - 4 potions of heal wounds {unknown}
 m - a potion of resistance {unknown}
 n - a potion of lignification {unknown}
 o - a potion of invisibility {unknown}
 q - a potion of degeneration {unknown}
Comestibles
 e - 8 rations {!d}
 j - 3 chunks of flesh


   Skills:
 + Level 3.5 Fighting
 * Level 1.0(2.0) Axes
 - Level 2.6(2.7) Maces & Flails
 + Level 3.1 Armour
 + Level 1.3 Dodging
 + Level 3.2 Shields


You had 3 spell levels left.
You didn't know any spells.
Your spell library was empty.

Dungeon Overview and Level Annotations

Branches:
Dungeon (3/12)

Altars:


Innate Abilities, Weirdness & Mutations

You are surrounded by a mild repulsion field. (EV +2)
You are slightly more attuned to the shadows.


Message History

A gnoll comes into view. It is wielding a +0 whip.
The gnoll hits you from afar with a +0 halberd!
* * * LOW HITPOINT WARNING * * *
The gnoll shouts!
The gnoll hits you with a +0 halberd.
* * * LOW HITPOINT WARNING * * *
You see here an adder corpse.
You closely miss the gnoll. The gnoll closely misses you.
You slash the gnoll!
The gnoll is heavily wounded.
The gnoll barely misses you. The gnoll completely misses you.
You hit the gnoll but do no damage.
The gnoll is heavily wounded.
The gnoll hits you with a +0 halberd.
* * * LOW HITPOINT WARNING * * *
Your shield and scale mail prevent you from hitting the gnoll.
The gnoll is heavily wounded.
The adder hisses angrily.
The gnoll hits you with a +0 halberd.
You die...

*,,,,,* *,* #.##.§§§...#
,,,,,,****,** #,*###§.####
,,,,,,,....,* *,* #..#
,,,*,,,...?#* *,####..# ####
,,,,,,*.....* *,......## #...
,,*,,,,,#...### **##.....## #.##
,,,,*,,.%#....## ##.......###.##
,,,*,,,#...#.)g####.........##.#.
,,*,,*,,#..S).gg@.'......†÷.'....
,*,*,*,#.#.#..g####......)..##...
*,**,**,**,##[## ##.....†.####..
*,***,***,**### ##>........#.#
****,****,* ##..>####.#.# ***
*,** #..## #.#.# *** **###
########..### #.#.# *,* #.#
#...........# #.#.# *,* #.#
#.######..#.###.#.#


You could see 4 gnolls and an adder.

Vanquished Creatures
  An orc wizard (D:3)
  An adder (D:3)
  An ooze (D:3)
  4 worms
  4 dart slugs
  A leopard gecko (D:2)
  5 bats
  3 giant cockroaches
  7 hobgoblins
  7 jackals (D:2)
  5 kobolds
  2 quokkas (D:2)
  4 frilled lizards
  4 goblins
  3 rats
52 creatures vanquished.

Notes
Turn   | Place    | Note
-------+----------+-------------------------------------------
     0 | D:1      | Freyura the Demonspawn Fighter began the quest for the Orb.
     0 | D:1      | Reached XP level 1. HP: 18/18 MP: 1/1
   578 | D:1      | Gained mutation: You are surrounded by a mild repulsion
                  | field. (EV +2) [demonic ancestry]
   578 | D:1      | Reached XP level 2. HP: 16/24 MP: 2/2
  1114 | D:2      | Reached XP level 3. HP: 24/29 MP: 3/3
  1272 | D:2      | Reached skill level 1 in Dodging
  1844 | D:3      | Gained mutation: You are slightly more attuned to the
                  | shadows. [demonic ancestry]
  1844 | D:3      | Reached XP level 4. HP: 28/35 MP: 4/4
  1986 | D:3      | Reached skill level 1 in Axes
  1990 | D:3      | HP: 1/35 [gnoll/+0 halberd (2)]
  1991 | D:3      | Slain by a gnoll

Skill      XL: |  1  2  3  4 |
---------------+-------------+-----
Maces & Flails | 2 |  2.6
Shields        | 3 |  3.2
Dodging        | 1 |  1.3
Armour         | 3 |  3.1
Axes           | 1 |  1.0
Fighting       | |  3.5

Action                   |  1- 3 |  4- 6 || total
-------------------------+-------+-------++-------
Melee: Flail             |   148 |       ||   148
       War axe           |    13 |    28 ||    41
  Use: Scroll            |     6 |       ||     6
  Eat: Chunk             |     3 |     1 ||     4
Armor: Scale mail        |    86 |    26 ||   112
Dodge: Dodged            |    59 |    13 ||    72
Block: Medium shield     |    99 |    14 ||   113
